 Dungeon Crawl Stone Soup version 0.28.0 (webtiles) character file.

Game seed: 13672282595947128453

3828 HallandMoats the Royal Jelly (level 9, -11/72 HPs)
             Began as a Demonspawn Fighter on Feb 8, 2022.
             Was the Champion of Jiyva.
             Killed from afar by an electric eel (14 damage)
             ... with a bolt of electricity
             ... on level 8 of the Dungeon.
             The game lasted 00:07:52 (5934 turns).

HallandMoats the Royal Jelly (Demonspawn Fighter)   Turns: 5934, Time: 00:07:53

Health: -11/72     AC: 17    Str: 27    XL:     9   Next: 97%
Magic:  15/15      EV: 15    Int: 10    God:    Jiyva [******]
Gold:   228        SH:  5    Dex: 16    Spells: 8/8 levels left

rFire   . . .      SeeInvis .   a - +0 war axe
rCold   . . .      Faith    .   c - +0 buckler
rNeg    . . .      Spirit   .   w - +0 swamp dragon scales
rPois   +          Reflect  .   (helmet restricted)
rElec   .          Harm     .   m - +0 cloak
rCorr   +          Rampage  .   (no gloves)
Will    .....                   i - +1 pair of boots
Stlth   +.........              l - amulet of the acrobat
HPRegen 1.82/turn               h - +6 ring of strength
MPRegen 0.64/turn               (no ring)

@: no status effects
A: horns 1, slimy green scales 1, ignite blood 2, powered by death 1, talons 2,
strong 2, gelatinous body 3, jelly sensing items
a: Renounce Religion, Oozemancy, Slimify


You were on level 8 of the Dungeon.
You worshipped Jiyva.
Jiyva was exalted by your worship.
You visited 1 branch of the dungeon, and saw 8 of its levels.

You collected 228 gold pieces.

Inventory:

Hand Weapons
 a - a +0 war axe (weapon)
 x - a +2 spear of venom
Missiles
 u - a throwing net (quivered)
Armour
 c - a +0 buckler (worn)
 e - a +2 ring mail of fire resistance
 i - a +1 pair of boots (worn)
 m - a +0 cloak (worn)
 w - +0 swamp dragon scales (worn)
 y - a +0 troll leather armour
Jewellery
 h - a +6 ring of strength (left hand)
 l - an amulet of the acrobat (around neck)
 p - a ring of fire
Wands
 d - a wand of digging (6)
 r - a wand of iceblast (10)
 v - a wand of mindburst (6)
Scrolls
 f - 3 scrolls of teleportation {unknown}
 g - a scroll of immolation {unknown}
 j - 5 scrolls of identify {unknown}
 n - 2 scrolls of amnesia {unknown}
 o - a scroll of brand weapon {unknown}
 q - 3 scrolls of vulnerability {unknown}
 s - a scroll of blinking {unknown}
 t - 2 scrolls of enchant armour {unknown}
Potions
 b - 3 potions of curing {unknown}
 k - 2 potions of cancellation {unknown}
 z - a potion of attraction {unknown}


   Skills:
 * Level 7.4 Fighting
 * Level 6.4 Axes
 + Level 5.1 Armour
 + Level 4.2 Dodging
 + Level 5.0 Shields
 * Level 8.7 Invocations


You had 8 spell levels left.
You didn't know any spells.
Your spell library contained the following spells:

 Spells                   Type           Power      Damage    Failure   Level
 Pain                     Necr           0%         1d4       56%         1
 Agony                    Necr           0%         N/A       100%        5
 Excruciating Wounds      Necr           0%         N/A       100%        5


Dungeon Overview and Level Annotations

Branches:
Dungeon (8/15)             Temple (0/1) D:5            Lair (0/6) D:8

Altars:
Elyvilon
Jiyva


Innate Abilities, Weirdness & Mutations

You have a pair of small horns on your head.
You are partially covered in slimy green scales. (AC +2)
Your demonic aura often causes spilled blood to erupt in flames.
You regenerate a little health from kills.
You have razor-sharp toenails.
Your muscles are very strong. (Str +4)
Your gelatinous body deflects attacks. (AC +3, EV +3)
You have a small jelly attached to you that senses nearby items.


Message History

The electric eel is lightly wounded.
The electric eel shoots out a bolt of lightning at you!
The bolt of electricity hits you. The bolt of electricity misses you.
You closely miss the electric eel.
The electric eel is lightly wounded.
The electric eel shoots out a bolt of lightning at you!
The bolt of electricity hits you. x2
You barely miss the electric eel. You headbutt the electric eel.
The electric eel is heavily wounded.
The electric eel shoots out a bolt of lightning at you!
The bolt of electricity misses you. The bolt of electricity hits you.
You hit the electric eel. Your headbutt misses the electric eel.
The electric eel is severely wounded.
The electric eel shoots out a bolt of lightning at you!
The bolt of electricity misses you.
The bolt of electricity hits you but does no damage.
The electric eel shoots out a bolt of lightning at you!
The bolt of electricity misses you. The bolt of electricity hits you!
You hit the electric eel but do no damage.
The electric eel is severely wounded.
You miss the electric eel. Your headbutt misses the electric eel.
The electric eel is severely wounded.
The electric eel shoots out a bolt of lightning at you!
The bolt of electricity hits you! x2
You hit the electric eel but do no damage.
The electric eel is severely wounded.
The electric eel shoots out a bolt of lightning at you!
The bolt of electricity hits you.
The bolt of electricity hits you but does no damage.
You hit the electric eel.
You headbutt the electric eel, but do no damage.
The electric eel is severely wounded.
The electric eel shoots out a bolt of lightning at you!
The bolt of electricity hits you!
* * * LOW HITPOINT WARNING * * *
The bolt of electricity hits you!
* * * LOW HITPOINT WARNING * * *
The electric eel shoots out a bolt of lightning at you!
The bolt of electricity misses you. The bolt of electricity hits you!
You die...

..............≈≈≈...J≈≈≈.....
####.#.###.#..≈≈≈....≈≈≈≈≈.....
##.#.###.#..≈≈≈....≈
#.........≈≈.≈.....≈
#..#..#...J.≈≈.≈.>.≈ #.
##.#.....≈≈≈....≈
#......≈≈≈≈.≈.≈.
##.#.....≈≈≈≈≈≈≈
#...#..@S≈≈≈≈≈≈ ##..#..≈≈.≈.≈≈≈
...........≈≈≈≈
####>#......≈.≈. #.#......≈.≈.
#............ ####.#.####.
#.#.#


You could see an electric eel and a neutral jelly (wandering)(fellow slime).

Vanquished Creatures
  Maggie (D:7)
  2 trolls
  A steam dragon (D:7)
  Edmund (D:4)
  A water moccasin (D:7)
  An orc warrior (D:7)
  2 black bears
  A hornet zombie (D:8)
  2 ogres
  A necrophage (D:4)
  A wolf (D:8)
  2 centaurs (D:4)
  A phantom (D:5)
  A kobold brigand (D:4)
  Blork the orc (D:5)
  A bullfrog (D:7)
  A wyvern zombie (D:7)
  A gnoll sergeant (D:7)
  A water moccasin skeleton (D:6)
  7 wights
  3 howler monkeys
  A jelly (D:4)
  3 electric eels (D:8)
  7 hounds
  2 iguanas (D:5)
  3 orc priests
  A bullfrog skeleton (D:5)
  A centaur skeleton (D:7)
  A gnoll shaman (D:7)
  Ijyb (D:5)
  Terence (D:2)
  6 orc wizards
  Robin (D:3)
  30 gnolls
  A howler monkey zombie (D:7)
  5 adders
  A white imp (D:5)
  An adder skeleton (D:4)
  A worm (D:2)
  2 dart slugs
  29 orcs
  3 ball pythons
  2 bats
  An endoplasm (D:1)
  2 giant cockroaches (D:1)
  14 goblins
  7 hobgoblins
  11 jackals (D:4)
  2 quokkas (D:1)
  2 frilled lizards (D:1)
  4 kobolds
  5 rats
184 creatures vanquished.

Vanquished Creatures (others)
  A sky beast (D:5)
  A necrophage (D:5)
  A wolf (D:8)
  A wyvern zombie (D:7)
  A howler monkey (D:7)
  An electric eel (D:8)
  14 jellies
  A hound (D:8)
  An orc priest (D:7)
  2 iguanas (D:7)
  An orc wizard (D:6)
  3 gnolls (D:4)
  A white imp (D:5)
  6 orcs
  2 endoplasms (D:4)
  2 goblins (D:2)
  3 hobgoblins
  A quokka (D:2)
  2 bats
  4 rats
  A fungus (D:1)
  12 plants
62 creatures vanquished.

Grand Total: 246 creatures vanquished

Notes
Turn   | Place    | Note
-------+----------+-------------------------------------------
     0 | D:1      | HallandMoats the Demonspawn Fighter began the quest for the
                  | Orb.
     0 | D:1      | Reached XP level 1. HP: 18/18 MP: 1/1
   230 | D:1      | Gained mutation: Your demonic aura sometimes causes spilled
                  | blood to erupt in flames. [demonic ancestry]
   230 | D:1      | Reached XP level 2. HP: 24/24 MP: 2/2
   231 | D:1      | Reached skill level 1 in Invocations
   616 | D:1      | Found a faded altar of an unknown god.
   627 | D:1      | Prayed at the altar of an unknown god.
   627 | D:1      | Became a worshipper of Jiyva Jeta the Shapeless
   627 | D:1      | Reached * piety under Jiyva
   675 | D:2      | Noticed Terence
   690 | D:2      | Killed Terence
   691 | D:2      | Gained mutation: You regenerate a little health from kills.
                  | [demonic ancestry]
   691 | D:2      | Reached XP level 3. HP: 29/29 MP: 2/4
   787 | D:2      | Reached skill level 2 in Invocations
   787 | D:2      | Reached XP level 4. HP: 33/35 MP: 5/5
  1123 | D:2      | Reached ** piety under Jiyva
  1491 | D:3      | Noticed Robin
  1516 | D:3      | Killed Robin
  1517 | D:3      | Reached skill level 1 in Dodging
  1592 | D:3      | Gained mutation: You are partially covered in slimy green
                  | scales. (AC +2) [demonic ancestry]
  1592 | D:3      | Reached XP level 5. HP: 42/42 MP: 5/7
  1692 | D:3      | Reached *** piety under Jiyva
  1734 | D:3      | Reached skill level 3 in Invocations
  1967 | D:3      | Gained mutation: Your rubbery body absorbs attacks. (AC +1,
                  | EV +1) [Jiyva's grace]
  1967 | D:3      | Gained mutation: Your pliable body absorbs attacks. (AC +2,
                  | EV +2) [Jiyva's grace]
  1967 | D:3      | Gained mutation: Your gelatinous body deflects attacks. (AC
                  | +3, EV +3) [Jiyva's grace]
  1967 | D:3      | Gained mutation: You have sharp toenails. [Jiyva's grace]
  2520 | D:4      | Reached **** piety under Jiyva
  2530 | D:4      | Noticed a centaur
  2536 | D:4      | Killed a centaur
  2537 | D:4      | Reached XP level 6. HP: 48/48 MP: 8/8
  2902 | D:4      | Reached skill level 4 in Invocations
  3015 | D:4      | Gained mutation: You have a pair of small horns on your
                  | head. [demonic ancestry]
  3015 | D:4      | Reached XP level 7. HP: 55/55 MP: 10/10
  3134 | D:4      | Noticed Edmund
  3143 | D:4      | Killed Edmund
  3144 | D:4      | Reached skill level 5 in Fighting
  3144 | D:4      | Reached skill level 5 in Invocations
  3189 | D:4      | Gained mutation: Your demonic aura often causes spilled
                  | blood to erupt in flames. [demonic ancestry]
  3189 | D:4      | Reached XP level 8. HP: 57/62 MP: 12/12
  3702 | D:5      | Entered Level 5 of the Dungeon
  3760 | D:5      | Noticed a troll
  3767 | D:5      | Killed a troll
  3768 | D:5      | Reached skill level 6 in Invocations
  3825 | D:5      | Noticed Blork the orc
  3828 | D:5      | Killed Blork the orc
  4007 | D:5      | Gained mutation: You have a small jelly attached to you
                  | that senses nearby items. [Jiyva's grace]
  4007 | D:5      | Gained mutation: Your muscles are strong. (Str +2) [Jiyva's
                  | grace]
  4007 | D:5      | Gained mutation: Your muscles are very strong. (Str +4)
                  | [Jiyva's grace]
  4007 | D:5      | Gained mutation: You have razor-sharp toenails. [Jiyva's
                  | grace]
  4017 | D:5      | Noticed Ijyb
  4022 | D:5      | Killed Ijyb
  4044 | D:5      | Reached skill level 5 in Axes
  4062 | D:5      | Reached ***** piety under Jiyva
  4072 | D:5      | Found a staircase to the Ecumenical Temple.
  4489 | D:6      | Reached skill level 7 in Invocations
  4508 | D:6      | Reached XP level 9. HP: 69/69 MP: 14/14
  5151 | D:7      | Noticed Maggie
  5161 | D:7      | Killed Maggie
  5290 | D:7      | Reached skill level 8 in Invocations
  5474 | D:7      | Reached ****** piety under Jiyva
  5763 | D:8      | Reached skill level 5 in Armour
  5830 | D:8      | Noticed a troll
  5838 | D:8      | Killed a troll
  5839 | D:8      | Reached skill level 5 in Shields
  5907 | D:8      | Found a staircase to the Lair.
  5934 | D:8      | HP: 3/72 [electric eel/bolt of electricity (11)]
  5934 | D:8      | Killed from afar by an electric eel

Illustrated notes

Levels and vault maps discovered:
D:1:      wheals_arrival_shading, layout_rooms, shapermc_ecumenical_altar_petra
D:2:      wander_river, layout_basic, uniq_terence
D:3:      layout_loops_corners, nicolae_elyvilon_peaceful_grove, uniq_robin
D:4:      lemuel_castle_with_subvaults [lemuel_castle_interior_original],
          layout_layer_cave, minmay_crystal_room, roderic_lattice_a, uniq_edmund
D:5:      layout_loops_ring, temple_pool_b, grunt_decor_cap, uniq_blork_the_orc,
          uniq_ijyb
D:6:      layout_cave_pools
D:7:      minmay_chambers_of_fours, layout_basic, serial_park_tiny_pond,
          kennysheep_generic_room_3, uniq_maggie
D:8:      layout_basic, erik_lair_island

Skill      XL: |  1  2  3  4  5  6  7  8  9 |
---------------+----------------------------+-----
Invocations    | 1 2 3 4 5 7 8 |  8.7
Axes           | 2 3 4 5 6 |  6.4
Armour         | 3 4 5 |  5.1
Shields        | 3 4 5 |  5.0
Dodging        | 1 2 3 4 |  4.2
Fighting       | 4 5 6 7 |  7.4

Action                   |  1- 3 |  4- 6 |  7- 9 || total
-------------------------+-------+-------+-------++-------
Melee: War axe           |    73 |   160 |   308 ||   541
       Headbutt          |       |       |    71 ||    71
  Use: Potion            |     1 |       |       ||     1
Armor: Ring mail         |    30 |    86 |    91 ||   207
       Scale mail        |     2 |       |       ||     2
       Swamp dragon scal |       |       |    25 ||    25
Dodge: Dodged            |    44 |   136 |   300 ||   480
Block: Buckler           |    19 |    58 |    95 ||   172
